 Dungeon Crawl Stone Soup version 0.29-a0-369-gd956c00756 (webtiles) character file.

Game seed: 16734642207408792670

49 jlumianski the Skirmisher (level 3, -3/29 HPs)
             Began as a Demonspawn Fighter on May 2, 2022.
             Splashed by a jelly's acid (7 damage)
             ... on level 1 of the Dungeon.
             The game lasted 00:06:05 (2001 turns).

jlumianski the Skirmisher (Demonspawn Fighter)      Turns: 2001, Time: 00:06:06

Health: -3/29      AC:  5    Str: 18    XL:     3   Next: 51%
Magic:  3/3        EV:  9    Int:  9    God:
Gold:   88         SH:  4    Dex: 12    Spells: 2/2 levels left

rFire   . . .      SeeInvis .   a - +0 war axe
rCold   . . .      Faith    .   c - +0 buckler
rNeg    . . .      Spirit   .   b - +0 scale mail
rPois   .          Reflect  .   (no helmet)
rElec   .          Harm     .   (no cloak)
rCorr   .          Rampage  .   i - +0 pair of gloves
Will    .....                   (no boots)
Stlth   ..........              (no amulet)
HPRegen 0.09/turn               (no ring)
MPRegen 0.08/turn               (no ring)

@: mighty, corroded
A: icy blue scales 1, ignite blood 1
a: no special abilities


You were on level 1 of the Dungeon.
You visited 1 branch of the dungeon, and saw 3 of its levels.

You collected 88 gold pieces.

Inventory:

Hand Weapons
 a - a +0 war axe (weapon)
Missiles
 g - 98 stones (quivered)
Armour
 b - a +0 scale mail (worn)
 c - a +0 buckler (worn)
 i - a +0 pair of gloves (worn)
 m - a +0 pair of boots
Jewellery
 e - a ring of wizardry
Scrolls
 f - a scroll of fear {unknown}
 h - 3 scrolls of identify {unknown}
 j - 2 scrolls of teleportation {unknown}
 n - a scroll of noise {unknown}
Potions
 k - a potion of invisibility {unknown}
 l - a potion of mutation {unknown}
 o - a potion of heal wounds {unknown}


   Skills:
 + Level 3.5 Fighting
 + Level 2.2 Axes
 + Level 3.1 Armour
 + Level 0.2 Dodging
 + Level 3.0 Shields


You had 2 spell levels left.
You didn't know any spells.
Your spell library contained the following spells:

 Spells                   Type           Power      Damage    Failure   Level
 Corpse Rot               Necr/Air       0%         N/A       94%         2
 Ensorcelled Hibernation  Hex/Ice        0%         N/A       94%         2
 Passwall                 Tmut/Erth      0%         N/A       94%         2
 Poisonous Vapours        Pois/Air       0%         N/A       94%         2
 Swiftness                Air            0%         N/A       99%         3


Dungeon Overview and Level Annotations

Branches:
Dungeon (3/15)

Altars:

Shops:
D:1 =


Innate Abilities, Weirdness & Mutations

You are partially covered in icy blue scales. (AC +2)
Your demonic aura sometimes causes spilled blood to erupt in flames.


Message History

a +0 dagger; a kobold corpse The jelly attacks as you move away!
The jelly hits you. The acid corrodes you!
You are splashed with acid!
There is an open door here.
You block the jelly's attack. The jelly attacks as you move away!
The jelly hits you but does no damage. The jelly attacks as you move away!
The jelly hits you but does no damage. The jelly attacks as you move away!
The jelly hits you but does no damage.
There is an open gate here.
You are no longer corroded.
The jelly attacks as you move away! You block the jelly's attack.
The jelly attacks as you move away! The jelly closely misses you.
The jelly attacks as you move away! You block the jelly's attack.
The jelly attacks as you move away! The jelly hits you but does no damage.
The jelly attacks as you move away! You block the jelly's attack.
There is a stone staircase leading up here.
The jelly barely misses you.
You climb upwards.
There is a stone staircase leading down here.
Unknown command.
You can't go up here!
You hit the jelly. The acid corrodes you!
Your hands burn!
The jelly is lightly wounded.
The jelly hits you but does no damage.
You hit the jelly.
Your hands burn!
The jelly is moderately wounded.
The jelly hits you but does no damage. You block the jelly's attack.
You hit the jelly.
Your hands burn!
* * * LOW HITPOINT WARNING * * *
The jelly is moderately wounded.
The jelly barely misses you.
You hit the jelly but do no damage.
Your hands burn!
* * * LOW HITPOINT WARNING * * *
The jelly is moderately wounded.
You block the jelly's attack.
You feel very mighty all of a sudden. The jelly hits you.
* * * LOW HITPOINT WARNING * * *
You are splashed with acid!
You die...

...# #.#.# ...#
############## #.#.# ...#
#............# #.#.# ...#
#....#######.# #.#.#### ..##
#..........#.# #.#....# #.##
#..#.∩.###.#.# #.###### #..#
#.......##.#.####.#
##.###....#..##........#
...............J@.######
##..##............#
#...............##
#...#####..#################
#.....)....................#
####..#####..#############.##
.............# #.#
........##...# #.#
........##...# #.#


You could see a jelly.

Vanquished Creatures
  An adder (D:2)
  A dart slug (D:1)
  5 bats
  An endoplasm (D:2)
  2 giant cockroaches (D:1)
  5 goblins
  A hobgoblin (D:1)
  4 jackals (D:1)
  7 kobolds
  7 frilled lizards
  4 rats
38 creatures vanquished.

Vanquished Creatures (others)
  5 fungi
  9 toadstools (D:2)
14 creatures vanquished.

Grand Total: 52 creatures vanquished

Notes
Turn   | Place    | Note
-------+----------+-------------------------------------------
     0 | D:1      | jlumianski the Demonspawn Fighter began the quest for the
                  | Orb.
     0 | D:1      | Reached XP level 1. HP: 18/18 MP: 1/1
   111 | D:1      | Gained mutation: You are partially covered in icy blue
                  | scales. (AC +2) [demonic ancestry]
   111 | D:1      | Reached XP level 2. HP: 21/24 MP: 2/2
   449 | D:1      | Found Xofisk's Jewellery Shoppe.
  1092 | D:2      | Gained mutation: Your demonic aura sometimes causes spilled
                  | blood to erupt in flames. [demonic ancestry]
  1092 | D:2      | Reached XP level 3. HP: 14/29 MP: 3/3
  1508 | D:2      | Identified the +1 robe of Weak Lucidity {Str+2}
  1625 | D:3      | Found a faded altar of an unknown god.
  2001 | D:1      | Splashed by a jelly's acid

Illustrated notes

Levels and vault maps discovered:
D:1:      scummos_arrival_checkerplants, layout_basic, serial_shops,
          nicolae_shop_stone
D:2:      cheibrodos_fertilizer, layout_loops_cross
D:3:      layout_rooms, nicolae_ecumenical_oubliette, ebering_ghost_gozag,
          minmay_misc_feat_rugged

Skill      XL: |  1  2 |
---------------+-------+-----
Axes           | 2 |  2.2
Armour         | 3 |  3.1
Shields        | 3 |  3.0
Fighting       | |  3.5
Dodging        | |  0.2

Action                   || total
-------------------------++-------
Melee: War axe           ||   145
  Use: Potion            ||     2
Armor: Scale mail        ||   110
Dodge: Dodged            ||    88
Block: Buckler           ||    49

Table legend: (Time is in decaauts)
 A = Elapsed time spent in this place.
 B = Non-inter-level travel time spent in this place.
 C = Inter-level travel time spent in this place.
 D = Time resting spent in this place.
 E = Time spent auto-exploring this place.
 F = Levels seen in this place.
 G = Mean time per level.
                   A        B        C        D        E       F      G
               +--------+--------+--------+--------+--------+-----+--------+
         Total |   2066 |   2024 |     42 |      0 |   1327 |   3 |  688.7 |
       Dungeon |   2066 |   2024 |     42 |      0 |   1327 |   3 |  688.7 |
               +--------+--------+--------+--------+--------+-----+--------+

Top non-repeatable levels by time:
     D:2: 1070 daAuts
     D:1: 987 daAuts
     D:3: 8 daAuts
